 Dungeon Crawl Stone Soup version 0.29-a0-384-g6960b1960d (webtiles) character file.

Game seed: 3129100881345056536

903 spaghetti the Charlatan (level 8, -1/54 HPs)
             Began as a Gnoll Artificer on May 6, 2022.
             Succumbed to a water moccasin's poison
             ... on level 5 of the Dungeon.
             The game lasted 00:13:54 (6194 turns).

spaghetti the Charlatan (Gnoll Artificer)           Turns: 6194, Time: 00:13:54

Health: -1/54      AC:  4    Str: 12    XL:     8   Next: 7%
Magic:  13/13      EV: 12    Int: 13    God:
Gold:   20         SH:  0    Dex: 12    Spells: 12/12 levels left

rFire   . . .      SeeInvis .   z - +2 demon whip (drain) {mace}
rCold   . . .      Faith    .   (no shield)
rNeg    + . .      Spirit   .   b - +0 leather armour
rPois   .          Reflect  .   y - +1 hat
rElec   .          Harm     .   (no cloak)
rCorr   +          Rampage  .   (no gloves)
Will    .....      Rnd*Tele +   (no boots)
Stlth   ++........              (no amulet)
HPRegen 0.18/turn               s - ring of positive energy
MPRegen 0.13/turn               C - ring of resist corrosion

@: lethally poisoned (-1 -> -15), unable to read
A: fangs 1, strong nose, distributed training, frail 1, high MP 1, teleportitis
1, inability to read while threatened
a: no special abilities


You were on level 5 of the Dungeon.
You visited 1 branch of the dungeon, and saw 5 of its levels.

You collected 310 gold pieces.
You spent 290 gold pieces at shops.


Innate Abilities, Weirdness & Mutations

You have very sharp teeth.
Your uncanny sense of smell can sniff out nearby items.
Your experience applies equally to all skills.
You are frail. (-10% HP)
You have an increased reservoir of magic. (+10% MP)
You are occasionally teleported next to monsters.
You sometimes lose the ability to read scrolls when taking damage.


   Skills:
 + Level 4.0 Fighting
 + Level 2.9 Short Blades
 + Level 2.9 Long Blades
 + Level 2.9 Axes
 + Level 2.9 Maces & Flails
 + Level 2.9 Polearms
 + Level 2.9 Staves
 + Level 2.9 Slings
 + Level 2.9 Bows
 + Level 2.9 Crossbows
 + Level 2.9 Throwing
 + Level 5.5 Armour
 + Level 4.0 Dodging
 + Level 3.8 Stealth
 + Level 2.9 Shields
 + Level 2.9 Unarmed Combat
 + Level 2.9 Spellcasting
 + Level 2.3 Conjurations
 + Level 2.3 Hexes
 + Level 2.3 Summonings
 + Level 2.3 Necromancy
 + Level 2.3 Translocations
 + Level 2.3 Transmutations
 + Level 2.3 Fire Magic
 + Level 2.3 Ice Magic
 + Level 2.3 Air Magic
 + Level 2.3 Earth Magic
 + Level 2.3 Poison Magic
 + Level 3.2 Invocations
 + Level 7.2 Evocations


You had 12 spell levels left.
You didn't know any spells.
Your spell library contained the following spells:

 Spells                   Type           Power      Damage    Failure   Level
 Animate Skeleton         Necr           16%        N/A       11%         1
 Apportation              Tloc           16%        N/A       11%         1
 Magic Dart               Conj           32%        1d4       11%         1
 Summon Small Mammal      Summ           32%        N/A       11%         1
 Ensorcelled Hibernation  Hex/Ice        16%        N/A       17%         2
 Passwall                 Tmut/Erth      6%         N/A       17%         2
 Scorch                   Fire           16%        2d6       17%         2
 Searing Ray              Conj           16%        2d5       17%         2
 Conjure Flame            Conj/Fire      8%         6-21      32%         3
 Swiftness                Air            8%         N/A       32%         3
 Flame Wave               Conj/Fire      8%         2d5       73%         4
 Fulminant Prism          Conj/Hex       4%         3d6       73%         4
 Summon Forest            Summ/Tloc      4%         N/A       97%         5
 Summon Mana Viper        Hex/Summ       8%         N/A       97%         5
 Summon Cactus Giant      Summ           4%         N/A       100%        6
 Malign Gateway           Summ/Tloc      4%         N/A       100%        7

Inventory:

Hand Weapons
 a - a +0 club {mace}
 r - a +1 dagger of venom {short}
   (You took it off a goblin on level 2 of the Dungeon)
 z - a +2 demon whip of draining (weapon) {mace}
   (You bought it in a shop on level 4 of the Dungeon)
Missiles
 g - 229 stones (quivered) {throwing}
 n - 4 javelins {throwing}
 v - 5 poisoned darts {throwing}
 A - 4 boomerangs {throwing}
Armour
 b - a +0 leather armour (worn)
 y - a +1 hat (worn)
   (You found it on level 3 of the Dungeon)
Magical Staves
 o - a staff of conjuration {!a@e2staff}
   (You found it on level 2 of the Dungeon)
Jewellery
 s - a ring of positive energy (left hand)
   (You found it on level 2 of the Dungeon)
 w - a ring of willpower
   (You found it on level 4 of the Dungeon)
 C - a ring of resist corrosion (right hand)
   (You found it on level 5 of the Dungeon)
Wands
 d - a wand of charming (15)
 e - a wand of iceblast (4)
 t - a wand of flame (19)
   (You found it on level 5 of the Dungeon)
Scrolls
 c - a scroll of identify {@r1}
 f - 2 scrolls of fog
 i - 4 scrolls of teleportation {@r4}
 l - a scroll of enchant armour
 m - a scroll of poison {!r}
 x - 4 scrolls of noise {!r}
Potions
 h - a potion of berserk rage {!q}
 j - 2 potions of attraction {!q}
 k - a potion of haste {unknown}
 q - 3 potions of heal wounds {unknown}
 u - 2 potions of lignification {unknown}
 B - 2 potions of degeneration {unknown}

Dungeon Overview and Level Annotations

Branches:
Dungeon (5/15)
 Temple: D:4-7

Altars:
Fedhas
Kikubaaqudgha
Qazlal

Shops:
D:1 *   D:4 (

Annotations:
D:5 2 transporters, royokou's ghost, novice DECj

###########
#.........#
#.........#
#.........#
........).#########
.......@)......>..#
..........#####.#.####
..........#####.#....#
.|.########.....#.##.#
.. #.##..####.# $
#.##..####.#
###.##.......#
.######...###.######
........#.# #.#


There were no monsters in sight!


Message History

You whack the centaur!
You kill the centaur!
A water moccasin comes into view.
You have reached level 8!
You feel clever. 😕 HP[+7] MP[+1]
You now have 54 max hp (+7).
You regained 7 hp, and now have 50/54 hp.
Your mp is fully restored (13).
Unknown command.
The water moccasin hisses angrily.
You whack the orc!
You kill the orc!
Your Fighting skill increases to level 4!
Your Dodging skill increases to level 4!
Things that are here:
a +0 mace {mace}; an orc corpse 😕 HP[+1]
You closely miss the water moccasin.
You bite the water moccasin, but do no damage.
The water moccasin bites you but does no damage.
You closely miss the water moccasin. Your bite misses the water moccasin.
The water moccasin closely misses you. The water moccasin bites you. 😕 HP[-3]
You take 3 damage, and now have 48/54 hp.
You barely miss the water moccasin. Your bite misses the water moccasin.
The water moccasin bites you. 😕 HP[-2]
You take 2 damage, and now have 46/54 hp.
You whack the water moccasin!
You hear the quick rusting of a drain nearby.
The water moccasin bites you. 😕 HP[-2]
You take 2 damage, and now have 44/54 hp.
You closely miss the water moccasin. Your bite misses the water moccasin.
The water moccasin bites you.
You are poisoned.
The water moccasin poisons you! The water moccasin bites you!
You feel threatened and lose the ability to read scrolls!
You are lethally poisoned!
The water moccasin poisons you! 😮 HP[-11]
You take 11 damage, and now have 33/54 hp.
MASSIVE DAMAGE!! (PAUSE) Unknown command.
You closely miss the water moccasin.
* * * LOW HITPOINT WARNING * * *
You feel extremely sick.
The water moccasin closely misses you. 😨 HP[-7]
You take 7 damage, and now have 26/54 hp.
You barely miss the water moccasin. Your bite misses the water moccasin.
* * * LOW HITPOINT WARNING * * *
You feel very sick. The water moccasin barely misses you.
The water moccasin closely misses you. 😨 HP[-6]
You take 6 damage, and now have 20/54 hp.
Unknown command.
You feel better.
The water moccasin closely misses you. 😨 HP[+5]
You regained 5 hp, and now have 25/54 hp.
You barely miss the water moccasin.
You bite the water moccasin, but do no damage.
The water moccasin barely misses you.
You barely miss the water moccasin. The water moccasin bites you.
* * * LOW HITPOINT WARNING * * *
The water moccasin bites you!
* * * LOW HITPOINT WARNING * * *
😨 HP[-9]
You take 9 damage, and now have 16/54 hp.
Unknown command.
Aiming: Throw Flame
Press: ? - help, Shift-Dir - straight line, f - water moccasin
Aim: a water moccasin (heavily wounded, 60% to hit)
The puff of flame misses the water moccasin.
The water moccasin barely misses you. 😨 HP[+1]
Aiming: Throw Flame
Press: ? - help, Shift-Dir - straight line, f/p - water moccasin
Aim: a water moccasin (heavily wounded, 60% to hit)
The puff of flame misses the water moccasin.
The water moccasin closely misses you.
Aiming: Throw Flame
Press: ? - help, Shift-Dir - straight line, f/p - water moccasin
Aim: a water moccasin (heavily wounded, 60% to hit)
The puff of flame hits the water moccasin!
The water moccasin bites you.
* * * LOW HITPOINT WARNING * * *
You are lethally poisoned!
The water moccasin poisons you! The water moccasin bites you!
* * * LOW HITPOINT WARNING * * *
😱 HP[-14]
You take 14 damage, and now have 3/54 hp.
MASSIVE DAMAGE!! (PAUSE)
Aiming: Throw Flame
Press: ? - help, Shift-Dir - straight line, f/p - water moccasin
Aim: a water moccasin (almost dead, 60% to hit)
The puff of flame hits the water moccasin!
You kill the water moccasin!
You die...

Skill      XL: |  1  2  3  4  5  6  7  8 |
---------------+-------------------------+-----
Invocations    | 1 2 3 |  3.2
Short Blades   | 1 2 |  2.9
Long Blades    | 1 2 |  2.9
Axes           | 1 2 |  2.9
Maces & Flails | 1 2 |  2.9
Polearms       | 1 2 |  2.9
Staves         | 1 2 |  2.9
Slings         | 1 2 |  2.9
Bows           | 1 2 |  2.9
Crossbows      | 1 2 |  2.9
Throwing       | 1 2 |  2.9
Shields        | 1 2 |  2.9
Unarmed Combat | 1 2 |  2.9
Spellcasting   | 1 2 |  2.9
Conjurations   | 1 2 |  2.3
Hexes          | 1 2 |  2.3
Summonings     | 1 2 |  2.3
Necromancy     | 1 2 |  2.3
Translocations | 1 2 |  2.3
Transmutations | 1 2 |  2.3
Fire Magic     | 1 2 |  2.3
Ice Magic      | 1 2 |  2.3
Air Magic      | 1 2 |  2.3
Earth Magic    | 1 2 |  2.3
Poison Magic   | 1 2 |  2.3
Fighting       | 3 4 |  4.0
Dodging        | 3 4 |  4.0
Stealth        | 3 |  3.8
Armour         | 5 |  5.5
Evocations     | 7 |  7.2

Action                   |  1- 3 |  4- 6 |  7- 9 || total
-------------------------+-------+-------+-------++-------
Melee: Club              |    95 |    38 |       ||   133
       Bite              |    10 |    18 |    11 ||    39
       Punch             |     1 |     3 |     1 ||     5
       Dagger            |       |   146 |     9 ||   155
       Kick              |       |     4 |    25 ||    29
       Demon whip        |       |       |    47 ||    47
       Staff             |       |       |    37 ||    37
Throw: Stone             |    29 |    71 |    15 ||   115
       Javelin           |     6 |       |       ||     6
Evoke: Wand              |    10 |     5 |     9 ||    24
  Use: Scroll            |     2 |     7 |     2 ||    11
       Potion            |     3 |     1 |     2 ||     6
 Stab: Sleeping          |     4 |     1 |     2 ||     7
Armor: Leather armour    |    36 |    35 |    19 ||    90
Dodge: Dodged            |    74 |    95 |    50 ||   219

Levels and vault maps discovered:
D:1:      dpeg_arrival_boxes_within_box, layout_basic, serial_shops,
          shop_statue, hellmonk_ecumenical_altar_prayer_group
D:2:      minmay_wonky_spiral, layout_basic, basic_altar
D:3:      layout_loops_ring, grunt_temple_overflow_forces_of_nature
D:4:      layout_rooms, serial_shops,
          nicolae_shop_temple_entry_statues_fountains, chequers_garden,
          minmay_diced_spiral
D:5:      layout_basic, gup_sewer_entry_pipe, gammafunk_ghost_mausoleum

Notes
Turn   | Place    | Note
-------+----------+-------------------------------------------
     0 | D:1      | spaghetti the Gnoll Artificer began the quest for the Orb.
     0 | D:1      | Reached XP level 1. HP: 17/17 MP: 1/1
     0 | D:1      | magus.rc [v1.9.6]
    38 | D:1      | HP: 4/17 [kobold/+0 whip (3)]
   315 | D:1      | Found Zibbashro's Assorted Antiques.
   372 | D:1      | You add the spells Scorch, Conjure Flame, Flame Wave and
                  | Malign Gateway to your library.
   372 | D:1      | Got Sif Muna's Tome of Heat and Dislocation
   399 | D:1      | Reached XP level 2. HP: 23/23 MP: 2/2
   620 | D:1      | Found a faded altar of an unknown god.
   885 | D:1      | You pick up a book of Burglary and begin reading...
   885 | D:1      | You add the spells Passwall, Ensorcelled Hibernation and
                  | Swiftness to your library.
   926 | D:1      | Reached XP level 3. HP: 28/28 MP: 3/3
  1338 | D:2      | HP: 7/28 [adder (2)]
  1342 | D:2      | Reached skill level 1 in Invocations
  1602 | D:2      | Found an ancient bone altar of Kikubaaqudgha.
  1623 | D:2      | Reached skill level 1 in Short Blades
  1623 | D:2      | Reached skill level 1 in Long Blades
  1623 | D:2      | Reached skill level 1 in Axes
  1623 | D:2      | Reached skill level 1 in Maces & Flails
  1623 | D:2      | Reached skill level 1 in Polearms
  1623 | D:2      | Reached skill level 1 in Staves
  1623 | D:2      | Reached skill level 1 in Slings
  1623 | D:2      | Reached skill level 1 in Bows
  1623 | D:2      | Reached skill level 1 in Crossbows
  1623 | D:2      | Reached skill level 1 in Throwing
  1623 | D:2      | Reached skill level 1 in Shields
  1623 | D:2      | Reached skill level 1 in Unarmed Combat
  1623 | D:2      | Reached skill level 1 in Spellcasting
  1939 | D:2      | HP: 6/28 [worm (7)]
  1941 | D:2      | Reached XP level 4. HP: 8/34 MP: 5/5
  2674 | D:2      | Reached skill level 1 in Conjurations
  2674 | D:2      | Reached skill level 1 in Hexes
  2674 | D:2      | Reached skill level 1 in Summonings
  2674 | D:2      | Reached skill level 1 in Necromancy
  2674 | D:2      | Reached skill level 1 in Translocations
  2674 | D:2      | Reached skill level 1 in Transmutations
  2674 | D:2      | Reached skill level 1 in Fire Magic
  2674 | D:2      | Reached skill level 1 in Ice Magic
  2674 | D:2      | Reached skill level 1 in Air Magic
  2674 | D:2      | Reached skill level 1 in Earth Magic
  2674 | D:2      | Reached skill level 1 in Poison Magic
  3520 | D:3      | Reached XP level 5. HP: 27/40 MP: 6/6
  3526 | D:3      | Found a stormy altar of Qazlal.
  3658 | D:3      | Found a blossoming altar of Fedhas.
  3721 | D:3      | You pick up a book of Conjurations {@e2} and begin
                  | reading...
  3721 | D:3      | You add the spells Magic Dart, Searing Ray and Fulminant
                  | Prism to your library.
  3828 | D:3      | Reached skill level 3 in Fighting
  3828 | D:3      | Reached skill level 3 in Dodging
  4360 | D:4      | Noticed a steam dragon
  4365 | D:4      | Killed a steam dragon
  4366 | D:4      | Reached skill level 3 in Stealth
  4366 | D:4      | Reached skill level 2 in Invocations
  4366 | D:4      | Reached XP level 6. HP: 33/47 MP: 8/8
  4514 | D:4      | Reached skill level 5 in Armour
  4580 | D:4      | Reached skill level 2 in Short Blades
  4580 | D:4      | Reached skill level 2 in Long Blades
  4580 | D:4      | Reached skill level 2 in Axes
  4580 | D:4      | Reached skill level 2 in Maces & Flails
  4580 | D:4      | Reached skill level 2 in Polearms
  4580 | D:4      | Reached skill level 2 in Staves
  4580 | D:4      | Reached skill level 2 in Slings
  4580 | D:4      | Reached skill level 2 in Bows
  4580 | D:4      | Reached skill level 2 in Crossbows
  4580 | D:4      | Reached skill level 2 in Throwing
  4580 | D:4      | Reached skill level 2 in Shields
  4580 | D:4      | Reached skill level 2 in Unarmed Combat
  4580 | D:4      | Reached skill level 2 in Spellcasting
  4655 | D:4      | Gained mutation: Your magical capacity is low. (-10% MP)
                  | [potion of mutation]
  4655 | D:4      | Gained mutation: You are frail. (-10% HP) [potion of
                  | mutation]
  4655 | D:4      | Gained mutation: You are strong-willed. (Will+) [potion of
                  | mutation]
  4655 | D:4      | Gained mutation: You have sharp toenails. [potion of
                  | mutation]
  4940 | D:4      | Reached XP level 7. HP: 39/46 MP: 9/9
  4967 | D:4      | Reached skill level 7 in Evocations
  5142 | D:4      | You pick up a book of Cantrips and begin reading...
  5142 | D:4      | You add the spells Animate Skeleton, Summon Small Mammal
                  | and Apportation to your library.
  5207 | D:4      | Reached skill level 2 in Conjurations
  5207 | D:4      | Reached skill level 2 in Hexes
  5207 | D:4      | Reached skill level 2 in Summonings
  5207 | D:4      | Reached skill level 2 in Necromancy
  5207 | D:4      | Reached skill level 2 in Translocations
  5207 | D:4      | Reached skill level 2 in Transmutations
  5207 | D:4      | Reached skill level 2 in Fire Magic
  5207 | D:4      | Reached skill level 2 in Ice Magic
  5207 | D:4      | Reached skill level 2 in Air Magic
  5207 | D:4      | Reached skill level 2 in Earth Magic
  5207 | D:4      | Reached skill level 2 in Poison Magic
  5255 | D:4      | Found Heocuk's Weapon Emporium.
  5608 | D:5      | Entered Level 5 of the Dungeon
  5608 | D:5      | Found a transporter.
  5650 | D:4      | Bought a +0 demon whip of draining for 290 gold pieces
  5786 | D:5      | Reached skill level 3 in Invocations
  6013 | D:5      | Found a transporter.
  6015 | D:5      | Noticed royokou's ghost (novice DECj)
  6022 | D:5      | You pick up a book of the Wilderness and begin reading...
  6022 | D:5      | You add the spells Summon Forest, Summon Mana Viper and
                  | Summon Cactus Giant to your library.
  6068 | D:5      | Lost mutation: You are strong-willed. (Will+) [potion of
                  | mutation]
  6068 | D:5      | Lost mutation: You have sharp toenails. [potion of
                  | mutation]
  6068 | D:5      | Lost mutation: Your magical capacity is low. (-10% MP)
                  | [potion of mutation]
  6068 | D:5      | Gained mutation: You are occasionally teleported next to
                  | monsters. [potion of mutation]
  6068 | D:5      | Gained mutation: You sometimes lose the ability to read
                  | scrolls when taking damage. [potion of mutation]
  6068 | D:5      | Gained mutation: You have an increased reservoir of magic.
                  | (+10% MP) [potion of mutation]
  6178 | D:5      | Reached XP level 8. HP: 50/54 MP: 13/13
  6179 | D:5      | Reached skill level 4 in Fighting
  6179 | D:5      | Reached skill level 4 in Dodging
  6193 | D:5      | HP: 11/54 [water moccasin (6)]
  6193 | D:5      | HP: 3/54 [water moccasin (8)]
  6194 | D:5      | Succumbed to a water moccasin's poison

Vanquished Creatures
  A steam dragon (D:4)
  A water moccasin (D:5)
  An ogre (D:5)
  A centaur (D:5)
  A necrophage (D:4)
  4 scorpions
  3 iguanas
  An orc wizard (D:3)
  10 adders
  7 worms
  4 dart slugs
  14 orcs
  4 ball pythons
  9 endoplasms
  2 giant cockroaches
  5 goblins
  9 hobgoblins
  2 jackals (D:4)
  6 quokkas
  6 bats
  3 frilled lizards
  7 kobolds
  8 rats
109 creatures vanquished.

Table legend:
 A = Non-vault XP
 B = Vault XP
 C = Vault XP percentage of total XP
 D = Non-vault monster count
 E = Vault monster count
 F = Vault count percentage of total count
                 A         B        C        D         E       F
            +---------+---------+-------+---------+---------+-------
      Total |    1238 |     204 |  14.1 |     100 |       9 |   8.3
            +---------+---------+-------+---------+---------+-------
        D:1 |      38 |       4 |   9.5 |      23 |       2 |   8.0
        D:2 |     102 |       5 |   4.7 |      22 |       2 |   8.3
        D:3 |      89 |       0 |   0.0 |      24 |       0 |   0.0
        D:4 |     485 |     195 |  28.7 |      22 |       5 |  18.5
        D:5 |     524 |       0 |   0.0 |       9 |       0 |   0.0
            +---------+---------+-------+---------+---------+-------

Illustrated notes

Table legend:
 A = Kills in this place as a percentage of kills in entire the game.
 B = Kills by you in this place as a percentage of kills by you in the entire game.
 C = Kills by friends in this place as a percentage of kills by friends in the entire game.
 D = Other kills in this place as a percentage of other kills in the entire game.
 E = Experience gained in this place as a percentage of experience gained in the entire game.
 F = Experience gained in this place divided by the number of levels of this place that you have seen.
                   A       B       C       D       E      F
               +-------+-------+-------+-------+-------+----------------------
         Total | 100.0 | 100.0 |   N/A |   N/A | 100.0 | 288.4
       Dungeon | 100.0 | 100.0 |   N/A |   N/A | 100.0 | 288.4
               +-------+-------+-------+-------+-------+----------------------

Table legend: (Time is in decaauts)
 A = Elapsed time spent in this place.
 B = Non-inter-level travel time spent in this place.
 C = Inter-level travel time spent in this place.
 D = Time resting spent in this place.
 E = Time spent auto-exploring this place.
 F = Levels seen in this place.
 G = Mean time per level.
                   A        B        C        D        E       F      G
               +--------+--------+--------+--------+--------+-----+--------+
         Total |   6225 |   6067 |    158 |   1135 |   3982 |   5 | 1245.0 |
       Dungeon |   6225 |   6067 |    158 |   1135 |   3982 |   5 | 1245.0 |
               +--------+--------+--------+--------+--------+-----+--------+

Top non-repeatable levels by time:
     D:2: 2049 daAuts
     D:1: 1343 daAuts
     D:4: 1304 daAuts
     D:3: 1111 daAuts
     D:5: 417 daAuts
